 Dungeon Crawl Stone Soup version 0.25-a0-737-g26c3a87 (webtiles) character file.

Game seed: 13496346513288015277, levelgen mode: deterministic

15271 Combs the Covert (level 11, -16/90 HPs)
             Began as a Vampire Gladiator on Apr 11, 2020.
             Was a Priest of Makhleb.
             Demolished by an eidolon (22 damage)
             ... on level 2 of the Abyss.
             The game lasted 00:33:51 (11719 turns).

Combs the Covert (Vampire Gladiator)               Turns: 11719, Time: 00:33:52

Health: -16/90     AC:  7    Str: 16 (17) XL:     11   Next: 99%
Magic:  0/11       EV: 20    Int: 11      God:    Makhleb [***...]
Gold:   553        SH:  5    Dex: 17      Spells: 7/10 levels left

rFire    . . .     SeeInvis +   f - +1 long sword (elec)
rCold    . . .     Gourm    .   G - +0 buckler
rNeg     . . .     Faith    .   s - +1 leather armour {MR+}
rPois    .         Spirit   +   u - +1 helmet
rElec    .         Reflect  .   B - scarf {Spirit}
rCorr    .         Harm     .   (no gloves)
MR       ++...                  w - +0 pair of boots
Stlth    ++++......             y - amulet of rage
HPRegen  0.45/turn              t - +3 ring of evasion
MPRegen  0.12/turn              k - +2 ring of strength

@: afraid, regenerating quickly, slowed, drained, very slow
A: no food, fangs 3, see invisible, unbreathing
a: Exsanguinate, Minor Destruction, Lesser Servant of Makhleb, Renounce
Religion, Evoke Berserk Rage


You were on level 2 of the Abyss.
You worshipped Makhleb.
Makhleb was most pleased with you.
You were alive.

You visited 2 branches of the dungeon, and saw 12 of its levels.
You visited the Abyss 2 times.

You collected 686 gold pieces.
You spent 133 gold pieces at shops.

Inventory:

Hand Weapons
 a - a +1 long sword
 f - a +1 long sword of electrocution (weapon)
 j - a +0 dagger of flaming
 o - a +0 falchion of flaming
Missiles
 d - 5 throwing nets (quivered)
Armour
 m - a +0 kite shield
 s - a +1 leather armour of magic resistance (worn)
 u - a +1 helmet (worn)
 w - a +0 pair of boots (worn)
 x - a +0 cloak
 A - a +0 leather armour of cold resistance
 B - a scarf of spirit shield (worn)
 G - a +0 buckler (worn)
 L - a cursed +0 leather armour
Jewellery
 k - a +2 ring of strength (right hand)
 l - an uncursed ring of magical power
 r - an uncursed ring of magical power
 t - a +3 ring of evasion (left hand)
 y - an amulet of rage (around neck)
Wands
 b - a wand of random effects (8)
 h - a wand of paralysis (7)
 J - a wand of flame (19)
Scrolls
 g - a scroll of blinking
 p - a scroll of enchant weapon
 F - 3 scrolls of immolation
 H - 5 scrolls of remove curse
 I - 2 scrolls of magic mapping
 M - 2 scrolls of identify
 N - 4 scrolls of enchant armour
Potions
 c - a potion of brilliance {unknown}
 e - a potion of cancellation {unknown}
 n - a potion of resistance {unknown}
 q - 2 potions of haste
 v - 2 potions of might {unknown}
 z - 2 potions of lignification
 C - 2 potions of degeneration {unknown}
 D - a potion of ambrosia {unknown}
 E - 2 potions of curing {unknown}
 K - a potion of flight {unknown}


   Skills:
 - Level 9.8(9.1) Fighting
 + Level 0.0(6.9) Short Blades
 + Level 11.0(10.2) Long Blades
 - Level 1.5(0.9) Throwing
 + Level 9.1(8.4) Dodging
 - Level 11.0(10.2) Stealth
 - Level 5.5(4.8) Shields
 * Level 3.5(2.8) Ice Magic


You had 7 spell levels left.
You knew the following spells:

 Your Spells              Type           Power        Failure   Level  Hunger
a - Frozen Ramparts       Ice            #.....       38%         3    N/A

Your spell library contained the following spells:

 Spells                   Type           Power        Failure   Level  Hunger
 Freeze                   Ice            #...         14%         1    N/A
 Animate Skeleton         Necr           N/A          41%         1    N/A
 Apportation              Tloc           #.....       41%         1    N/A
 Corona                   Hex            #......      41%         1    N/A
 Foxfire                  Conj/Fire      #...         41%         1    N/A
 Summon Butterflies       Summ           #.......     41%         1    N/A
 Summon Small Mammal      Summ           #...         41%         1    N/A
 Ozocubu's Armour         Chrm/Ice       #.......     58%         3    N/A
 Call Canine Familiar     Summ           #.......     78%         3    N/A
 Conjure Flame            Conj/Fire      #.......     78%         3    N/A
 Inner Flame              Hex/Fire       #.......     78%         3    N/A
 Hailstorm                Conj/Ice       #.......     94%         4    N/A
 Summon Ice Beast         Ice/Summ       #.......     94%         4    N/A
 Sticky Flame             Conj/Fire      #.......     99%         4    N/A
 Fireball                 Conj/Fire      #.........   100%        5    N/A
 Summon Mana Viper        Hex/Summ       #.......     100%        5    N/A
 Summon Hydra             Summ           #.........   100%        7    N/A

Dungeon Overview and Level Annotations

Branches:
Dungeon (11/15)            Temple (1/1) D:5             Orc (0/2) D:10
   Lair: D:8-11

Altars:
Ashenzari
Cheibriados
Dithmenos
Elyvilon
Fedhas
Gozag
Hepliaklqana
Kikubaaqudgha
Makhleb
Nemelex Xobeh
Okawaru
Qazlal
Ru
Sif Muna
Trog
Uskayaw
Vehumet
Wu Jian
Xom
Yredelemnul
Zin
The Shining One

Shops:
D:2 *   D:4 ?   D:5 ([}:(   D:7 *

Annotations:
D:9 Erolcha
D:11 Sonja


Innate Abilities, Weirdness & Mutations

You do not eat.
Your natural rate of healing is unusually fast.
You have razor-sharp teeth.
You have supernaturally acute eyesight. (SInv)
You can survive without breathing.


Message History

The eidolon hits you! The eidolon stares piercingly at you.
The bolt of negative energy hits you!!
You feel drained.
* * * LOW HITPOINT WARNING * * *
Okay, then.
Okay, then.
As you read the scroll labeled ODIVIO QOTAPP, it crumbles to dust.
You hear a loud clanging noise!
It was a scroll of noise.
You hear a chilling moan.
You hear a shout!
The eidolon hits you.
* * * LOW HITPOINT WARNING * * *
The eidolon drains your vigour!
You feel as though you will be slow longer.
The eidolon barely misses you.
The large abomination barely misses you.
You riposte.
You hit the large abomination but do no damage.
The eidolon hits you!!
You die...

##### ## #..#.
#. ###....##.
##.#......
...#..X## .
..#.#.. ##@.#
..
.#...#.##W.##
..#.###. ....##
....#.####..#.#
#.... #..###.#
.# #.##.#.# ##
#.#.#.#...##..
#..#.#...# #...
. X...#.# .#.#


You could see an eidolon and a large abomination.

Vanquished Creatures
  Snorg (D:11)
  Fannar (D:11)
  3 two-headed ogres
  A centaur warrior (D:10)
  2 unseen horrors (D:10)
  2 skeletal warriors (D:11)
  An orc knight (D:10)
  2 cyclopes (D:10)
  2 trolls
  2 hippogriffs (D:9)
  A spriggan (D:7)
  4 yaks (D:10)
  2 hungry ghosts (D:8)
  3 ice beasts
  3 phantoms
  6 orc warriors
  3 sky beasts
  2 black bears
  9 centaurs
  8 ogres
  A big kobold (D:10)
  2 bullfrogs
  2 gnoll sergeants
  A wyvern zombie (D:10)
  5 scorpions
  A killer bee (D:10)
  10 wights
  6 crimson imps
  4 howler monkeys
  2 centaur zombies
  A quasit (D:9)
  3 bullfrog zombies
  8 hounds
  A jelly (D:5)
  2 bullfrog skeletons
  9 orc priests
  8 orc wizards
  2 gnoll shamans
  4 iguanas
  5 worker ants
  A hound skeleton (D:9)
  A worker ant zombie (D:6)
  2 howler monkey skeletons (D:6)
  18 adders
  13 gnolls
  2 shadow imps
  An adder skeleton (D:4)
  6 worms
  3 leopard geckos
  45 orcs
  6 giant cockroaches
  6 hobgoblins
  7 jackals
  13 kobolds
  7 quokkas
  3 ball pythons
  11 bats
  9 frilled lizards
  10 goblins
  A leopard gecko skeleton (D:4)
  A leopard gecko zombie (D:8)
  11 rats
312 creatures vanquished.

Notes
Turn   | Place    | Note
-------+----------+-------------------------------------------
     0 | D:1      | Combs the Vampire Gladiator began the quest for the Orb.
     0 | D:1      | Reached XP level 1. HP: 16/16 MP: 1/1
   132 | D:1      | Reached XP level 2. HP: 22/22 MP: 2/2
   646 | D:2      | Found Gozag's Platinum Reserve.
   646 | D:2      | Found an opulent altar of Gozag.
   666 | D:2      | Reached XP level 3. HP: 24/28 MP: 3/3
   850 | D:2      | Found an ornate altar of the Wu Jian Council.
   873 | D:2      | Found an ancient bone altar of Kikubaaqudgha.
   967 | D:2      | Reached XP level 4. HP: 26/30 MP: 4/4
  1541 | D:3      | Reached skill level 1 in Stealth
  1654 | D:3      | Reached XP level 5. HP: 15/36 MP: 5/5
  1727 | D:3      | Reached skill level 5 in Long Blades
  2623 | D:4      | Found a bloodstained altar of Trog.
  2634 | D:4      | Reached XP level 6. HP: 23/47 MP: 3/6
  3138 | D:4      | Found a hazy altar of Hepliaklqana.
  3346 | D:4      | Found Vadeomm's Magic Scroll Emporium.
  3395 | D:4      | Bought a scroll of enchant weapon for 105 gold pieces
  3395 | D:4      | Bought a scroll of identify for 28 gold pieces
  3440 | D:4      | Reached XP level 7. HP: 40/53 MP: 5/7
  3574 | D:5      | Entered Level 5 of the Dungeon
  3599 | D:5      | Reached skill level 5 in Stealth
  3796 | D:5      | Found an iron altar of Okawaru.
  3885 | D:5      | Reached XP level 8. HP: 61/61 MP: 8/8
  3892 | D:5      | Found Wemagej's Gadget Boutique.
  3898 | D:5      | Found Qethraza's Antique Armour Boutique.
  4014 | D:5      | Found Fyekhimp's Book Shoppe.
  4062 | D:5      | Found Qiriohy's Antique Weapon Emporium.
  4124 | D:5      | Found a staircase to the Ecumenical Temple.
  4369 | D:5      | Reached skill level 5 in Fighting
  4382 | D:5      | Found Rideyn Xibu's Antique Weapon Shoppe.
  4658 | D:6      | Reached skill level 1 in Shields
  4961 | Temple   | Entered the Ecumenical Temple
  5290 | D:6      | Found a burning altar of Makhleb.
  5295 | D:6      | Became a worshipper of Makhleb the Destroyer
  5338 | D:6      | Found a glowing silver altar of Zin.
  5707 | D:7      | Reached XP level 9. HP: 68/68 MP: 9/9
  6034 | D:7      | Found Yfikkoco's Assorted Antiques.
  6165 | D:7      | Reached skill level 5 in Dodging
  6201 | D:7      | Found a shimmering altar of Xom.
  6434 | D:8      | Reached * piety under Makhleb
  6781 | D:8      | Reached skill level 5 in Shields
  7432 | D:9      | Noticed a two-headed ogre
  7614 | D:9      | Killed a two-headed ogre
  7614 | D:9      | Reached XP level 10. HP: 60/61 MP: 6/10
  7651 | D:9      | Noticed Erolcha
  7864 | D:9      | Reached ** piety under Makhleb
  8628 | D:10     | Entered Level 10 of the Dungeon
  8712 | D:10     | Noticed an unseen horror
  8719 | D:10     | Killed an unseen horror
  8806 | D:10     | Noticed a two-headed ogre
  8813 | D:10     | Killed a two-headed ogre
  8813 | D:10     | Reached skill level 10 in Long Blades
  8815 | D:10     | Noticed a cyclops
  8822 | D:10     | Killed a cyclops
  8920 | D:10     | Noticed an orc knight
  8921 | D:10     | Noticed an unseen horror
  8928 | D:10     | Killed an unseen horror
  8928 | D:10     | Reached XP level 11. HP: 62/69 MP: 9/11
  9429 | D:10     | Noticed a two-headed ogre
  9444 | D:10     | Killed a two-headed ogre
  9444 | D:10     | Reached skill level 10 in Stealth
  9634 | D:10     | Found a staircase to the Orcish Mines.
  9751 | D:10     | Reached *** piety under Makhleb
  9845 | D:10     | HP: 3/71 [cyclops/large rock (25)]
 10202 | D:10     | Killed an orc knight
 10591 | D:10     | Noticed a centaur warrior
 10599 | D:10     | Killed a centaur warrior
 10821 | D:11     | Noticed Fannar
 10970 | D:11     | Killed Fannar
 11050 | D:11     | Learned a level 3 spell: Frozen Ramparts
 11070 | D:11     | Noticed Sonja
 11087 | D:11     | Cast into level 1 of the Abyss (Sonja)
 11122 | D:11     | Escaped the Abyss
 11315 | D:11     | Found an ancient bone altar of Kikubaaqudgha.
 11323 | D:11     | Noticed Snorg
 11327 | D:11     | Reached skill level 1 in Ice Magic
 11337 | D:11     | Killed Snorg
 11461 | D:11     | Noticed a skeletal warrior
 11463 | D:11     | Noticed a skeletal warrior
 11483 | D:11     | Killed a skeletal warrior
 11496 | D:11     | Killed a skeletal warrior
 11542 | D:11     | Noticed a death knight
 11575 | D:11     | Cast into level 2 of the Abyss (Sonja)
 11677 | Abyss:2  | Noticed a tentacled starspawn
 11678 | Abyss:2  | Noticed a balrug
 11684 | Abyss:2  | Noticed an eidolon
 11690 | Abyss:2  | Noticed a starcursed mass
 11709 | Abyss:2  | Noticed a blizzard demon
 11716 | Abyss:2  | Noticed a large abomination
 11719 | Abyss:2  | Demolished by an eidolon

Levels and vault maps discovered:
D:1:      ncdulo_watergridlock, layout_basic
D:2:      layout_rooms, nicolae_gozag_zags_fifth_avenue,
          chequers_temple_overflow_statue_of_worship, minmay_diced_spiral
D:3:      minmay_octagon_keep, layout_basic
D:4:      layout_loops_ring, kennysheep_mini_moat, lightli_temple_of_fire,
          first_ration, serial_shops, nicolae_shop_waterfront
D:5:      layout_rooms, okawaru_trees_2, minmay_temple_entry_nine_rooms,
          serial_shops, shop, shop, shop_statue, nicolae_shop_waterfront, shop,
          chequers_serial_rivers_marsh, dk_rats_in_the_wall
D:6:      layout_basic, kennysheep_little_box, zin_statuary
D:7:      layout_rooms, basic_altar, serial_shops, nicolae_shop_waterfront,
          the_bakery, minmay_liquid_box
D:8:      layout_basic
D:9:      nicolae_whirlpool, layout_irregular_city, uniq_erolcha
D:10:     cheibrodos_ideogram_h, layout_rooms, orc_0_dummy
D:11:     layout_basic, minmay_lair_entry_grove, basic_altar, uniq_fannar,
          uniq_snorg, uniq_sonja
Temple:   minmay_temple_curvy_branch
Abyss:2:  base:
IceCv

Skill      XL: |  1  2  3  4  5  6  7  8  9 10 11 |
---------------+----------------------------------+-----
Fighting       | 2 3 4 5 6 8 9 |  9.8
Long Blades    | 4 5 6 7 8 9 10 11 | 11.0
Stealth        | 1 3 4 6 7 9 11 | 11.0
Shields        | 3 5 |  5.5
Dodging        | 4 6 7 9 |  9.1
Ice Magic      | 3 |  3.5
Throwing       | |  1.5

Action                   |  1- 3 |  4- 6 |  7- 9 | 10-12 || total
-------------------------+-------+-------+-------+-------++-------
Melee: Long sword        |    89 |   220 |   300 |   325 ||   934
       Bite              |     7 |    28 |    34 |    57 ||   126
 Abil: Exsanguinate      |     1 |       |     1 |       ||     2
       Revivify          |     1 |       |       |     1 ||     2
       Evoke Berserk Rag |       |       |     5 |     4 ||     9
  Use: Scroll            |       |    10 |     6 |     2 ||    18
       Potion            |       |     2 |     1 |     5 ||     8
 Stab: Distracted        |     1 |       |     1 |     2 ||     4
       Sleeping          |       |     4 |    13 |    17 ||    34
Armor: Leather armour    |    38 |    47 |    41 |    48 ||   174
       Skin              |       |       |       |     5 ||     5
Dodge: Dodged            |   105 |   165 |   166 |   231 ||   667
Block: Buckler           |       |       |    47 |    94 ||   141
       Rpst.: Long sword |    30 |    45 |    39 |    64 ||   178

Table legend:
 A = Non-vault XP
 B = Vault XP
 C = Vault XP percentage of total XP
 D = Non-vault monster count
 E = Vault monster count
 F = Vault count percentage of total count
                 A         B        C        D         E       F
            +---------+---------+-------+---------+---------+-------
      Total |   13993 |    7823 |  35.9 |     272 |      40 |  12.8
            +---------+---------+-------+---------+---------+-------
        D:1 |      32 |       0 |   0.0 |      23 |       0 |   0.0
        D:2 |      61 |      19 |  23.8 |      20 |       5 |  20.0
        D:3 |     185 |      38 |  17.0 |      26 |      13 |  33.3
        D:4 |     484 |       0 |   0.0 |      27 |       0 |   0.0
        D:5 |    1050 |       0 |   0.0 |      26 |       0 |   0.0
        D:6 |     899 |       0 |   0.0 |      24 |       0 |   0.0
        D:7 |     696 |     215 |  23.6 |      22 |       1 |   4.3
        D:8 |    1563 |       0 |   0.0 |      28 |       0 |   0.0
        D:9 |    2724 |       0 |   0.0 |      30 |       0 |   0.0
       D:10 |    3801 |    5430 |  58.8 |      33 |      19 |  36.5
       D:11 |    2498 |    2121 |  45.9 |      13 |       2 |  13.3
            +---------+---------+-------+---------+---------+-------
